 Dungeon Sprint DCSS version 0.27.1-3-gb3d3a73c9e (webtiles) character file.

Game seed: 14578381123031460700

30 JuniperTheExplorer the Skirmisher (level 3, -4/31 HPs)
             Began as a Djinni Fighter on Oct 13, 2021.
             Slain by a hornet (11 damage)
             ... in the Dungeon (Sprint II: "The Violet Keep of Menkaure").
             The game lasted 00:05:51 (1008 turns).

JuniperTheExplorer the Skirmisher (Djinni Fighter)  Turns: 1008, Time: 00:05:51

Health: -4/31      AC: 11    Str: 16    XL:     3   Next: 35%
Gold:   408        EV:  4    Int:  9    God:
                   SH: 10    Dex: 12

rFire    + + .     SeeInvis .   s - +1 trident (flame)
rCold    x . .     Faith    .   c - +1 kite shield
rNeg     . . .     Spirit   .   a - +0 chain mail
rPois    ∞         Reflect  .   (no helmet)
rElec    .         Harm     .   (no cloak)
rCorr    .         Rampage  .   q - +1 pair of gloves
Will     .....     NoTele   +   (boots unavailable)
Stlth    ..........             (no amulet)
HPRegen  0.10/turn              (no ring)
MPRegen  0.00/turn              (no ring)

@: flying
A: sickness immunity, fire resistance 2, cold vulnerability 1, float, innate
caster, hp casting, extra vitality 1
a: no special abilities


You were in the Dungeon.
You visited 1 branch You collected 408 gold pieces.

Inventory:

Hand Weapons
 s - a +1 trident of flaming (weapon)
Armour
 a - a +0 chain mail (worn)
 c - a +1 kite shield (worn)
 q - a +1 pair of gloves (worn)
Scrolls
 i - a scroll of enchant weapon {unknown}
 n - a scroll of holy word {unknown}
 o - a scroll of summoning
 r - a scroll of enchant armour
Potions
 d - a potion of might
 e - 3 potions of curing
 f - 2 potions of heal wounds
 g - 2 potions of haste
 h - a potion of berserk rage
 k - 3 potions of resistance {unknown}
 p - a potion of brilliance {unknown}


   Skills:
 + Level 4.4 Fighting
 + Level 2.5 Polearms
 + Level 4.3 Armour
 + Level 4.3 Shields


You had one spell level left.
You knew the following spells:

 Your Spells              Type           Power      Damage    Failure   Level
a - Summon Small Mammal   Summ           0%         N/A       100%        1
Your spell library was empty.


Dungeon Overview and Level Annotations

Branches:
Dungeon (1/1)

Altars:
Cheibriados
Dithmenos
Elyvilon
Fedhas
Gozag
Hepliaklqana
Kikubaaqudgha
Makhleb
Qazlal
Ru
Sif Muna
Trog
Uskayaw
Vehumet
Wu Jian
Xom
Yredelemnul
Zin
The Shining One
Beogh
Jiyva
Lugonu

Annotations:
D exclusion: ice statue


Innate Abilities, Weirdness & Mutations

You are immune to sickness and miasma.
You are immune to poison.
Your flesh is very heat resistant. (rF++)
You are vulnerable to cold. (rC-)
You float through the air rather than walking.
You learn spells naturally, not from books.
Your magical power is your life essence.
You have superior vitality. (+4 HP)


Message History

A polar bear comes into view.
You hear an angry growl.
The hornet is engulfed in a cloud of scalding steam.
The hornet is engulfed in a cloud of scalding steam.
The polar bear is engulfed in a cloud of scalding steam.
You closely miss the hornet.
The hornet is moderately wounded.
The hornet is engulfed in a cloud of scalding steam.
The hornet stings you but does no damage.
You block the hornet's attack.
You barely miss the hornet.
The hornet is moderately wounded.
You block the hornet's attack.
The polar bear is engulfed in a cloud of scalding steam.
The hornet stings you.
The yaktaur is engulfed in a cloud of scalding steam.
You closely miss the hornet.
The hornet is moderately wounded.
You block the hornet's attack. The hornet stings you.
The polar bear is engulfed in a cloud of scalding steam.
You hit the hornet. You burn the hornet.
The hornet is heavily wounded.
The hornet stings you!
The polar bear is engulfed in a cloud of scalding steam.
You block the hornet's attack.
You miss the hornet.
The hornet is heavily wounded.
The hornet stings you.
The polar bear is engulfed in a cloud of scalding steam.
The hornet barely misses you.
The polar bear is engulfed in a cloud of scalding steam.
You barely miss the hornet.
The hornet is heavily wounded.
You block the hornet's attack. The hornet stings you!
* * * LOW HITPOINT WARNING * * *
The yaktaur is engulfed in a cloud of scalding steam.
You barely miss the hornet.
The hornet is heavily wounded.
The hornet stings you!
You die... #+###.##.§....≈≈≈≈≈≈≈≈≈≈≈≈ l#l

###≈§.....≈#+########+ .#
#.#≈≈≈≈§§≈..≈#.._.....#S
##
##§≈≈≈≈≈≈≈.≈#._._....#S
+##≈≈≈≈≈§hc≈≈≈#_._._...#S
≈≈≈≈≈≈≈§§§§§§≈#._._._..#≈
#+++#≈§§≈≈≈≈≈≈#_._._._.#§
##≈§y###≈≈#._._._._#§
##≈@#.#§≈#_._._.
+≈§#'#§§#..._._
#§≈≈≈≈≈§#######
##########≈≈≈≈≈≈
#°°○....###≈#####
#°°○°☼☼°°°##≈#
+○°°°°8°○°°.+≈#
##○°○°°°○°°####
##°°.○...##


You could see an ice statue and a hornet.

Vanquished Creatures
  3 worms (D)
3 creatures vanquished.

Vanquished Creatures (others)
  Menkaure (D)
  2 water moccasins (D)
  11 tentacles (D)
14 creatures vanquished.

Grand Total: 17 creatures vanquished

Notes
Turn   | Place    | Note
-------+----------+-------------------------------------------
     0 | D        | JuniperTheExplorer the Djinni Fighter began the quest for
                  | the Orb.
     0 | D        | Reached XP level 1. HP: 20/20 MP: 0/0
     5 | D        | Noticed a wyvern
     5 | D        | Noticed a wyvern
    20 | D        | Reached XP level 2. HP: 17/26 MP: 0/0
    24 | D        | Killed Menkaure
    43 | D        | Killed a water moccasin
   139 | D        | Found a stormy altar of Qazlal.
   150 | D        | Noticed a water moccasin
   171 | D        | Noticed an ice statue
   187 | D        | Killed a water moccasin
   188 | D        | Reached XP level 3. HP: 6/31 MP: 0/0
   188 | D        | Learned a level 1 spell: Summon Small Mammal
   438 | D        | Found a glowing golden altar of the Shining One.
   439 | D        | Found a shimmering altar of Xom.
   440 | D        | Found a basalt altar of Yredelemnul.
   441 | D        | Found a glowing silver altar of Zin.
   441 | D        | Found a bloodstained altar of Trog.
   441 | D        | Found an ornate altar of the Wu Jian Council.
   441 | D        | Found a sacrificial altar of Ru.
   441 | D        | Found a viscous altar of Jiyva.
   441 | D        | Found a hazy altar of Hepliaklqana.
   441 | D        | Found a snail-covered altar of Cheibriados.
   442 | D        | Found a hide-covered altar of Uskayaw.
   442 | D        | Found a corrupted altar of Lugonu.
   442 | D        | Found a shadowy altar of Dithmenos.
   443 | D        | Found a burning altar of Makhleb.
   443 | D        | Found a white marble altar of Elyvilon.
   480 | D        | Found a blossoming altar of Fedhas.
   480 | D        | Found an opulent altar of Gozag.
   480 | D        | Noticed a water moccasin
   480 | D        | Noticed a water moccasin
   484 | D        | Noticed a kraken
   505 | D        | Noticed a water moccasin
   991 | D        | Noticed a yaktaur
   991 | D        | Noticed a hornet
   991 | D        | Noticed a polar bear
   991 | D        | Noticed a polar bear
  1008 | D        | Slain by a hornet

Illustrated notes

Levels and vault maps discovered:
D:        the_violet_keep_of_menkaure [sprint2_stairs_cluster_1,
          sprint2_shoproom, sprint2_temple, sprint2_basic_supplies,
          sprint2_obstacle_7, sprint2_obstacle_2, sprint2_obstacle_5,
          sprint2_obstacle_3, sprint2_obstacle_1, sprint2_timed_cluster_1,
          sprint2_smallroom_cluster_1, sprint2_smallroom_final_cluster_1,
          sprint2_transparent_cluster_1, sprint2_second_timed_cluster_1,
          sprint2_sniper_area_1, sprint2_heavy_combat_area_1,
          sprint2_mutation_trap_area_1, sprint2_forest_area_1,
          sprint2_light_combat_area_1, sprint2_behind_water_1,
          sprint2_near_end_vault_1]

Skill      XL: |  1  2 |
---------------+-------+-----
Polearms       | 2 |  2.5
Fighting       | 4 |  4.4
Armour         | 4 |  4.3
Shields        | 4 |  4.3

Action                   || total
-------------------------++-------
Melee: Trident           ||    23
  Use: Scroll            ||     5
Armor: Scale mail        ||     5
       Chain mail        ||     1
Dodge: Dodged            ||     6
Block: Kite shield       ||    10
